 Dungeon Crawl Stone Soup version 0.28-a0-1387-g3a22ab9bdc (webtiles) character file.

Game seed: 12586353529878836932

1118 Gargoyl the Skirmisher (level 8, -4/67 HPs)
             Began as a Gnoll Abyssal Knight on Jan 2, 2022.
             Was a Priest of Lugonu.
             Slain by a killer bee (7 damage)
             ... on level 5 of the Dungeon.
             The game lasted 00:06:26 (7012 turns).

Gargoyl the Skirmisher (Gnoll Abyssal Knight)       Turns: 7012, Time: 00:06:28

Health: -4/67      AC: 12    Str: 16    XL:     8   Next: 34%
Magic:  12/12      EV:  8    Int:  9    God:    Lugonu [***...]
Gold:   336        SH:  0    Dex: 12    Spells: 13/13 levels left

rFire   . . .      SeeInvis .   a - +1 hand axe
rCold   . . .      Faith    .   (no shield)
rNeg    . . .      Spirit   .   l - +0 chain mail
rPois   +          Reflect  .   (no helmet)
rElec   .          Harm     .   (no cloak)
rCorr   .          Rampage  .   (no gloves)
Will    .....                   b - +1 pair of boots
Stlth   ..........              c - amulet of the acrobat
HPRegen 0.21/turn               n - ring of poison resistance
MPRegen 0.13/turn               (no ring)

@: no status effects
A: fangs 1, strong nose, distributed training
a: Renounce Religion, Depart the Abyss, Bend Space, Banish


You were on level 5 of the Dungeon.
You worshipped Lugonu.
Lugonu was most pleased with you.
You visited 1 branch of the dungeon, and saw 7 of its levels.
You visited the Abyss 1 time.

You collected 336 gold pieces.

Inventory:

Hand Weapons
 a - a +1 hand axe (weapon)
Missiles
 g - 9 poisoned darts (quivered)
Armour
 b - a +1 pair of boots (worn)
 l - a +0 chain mail (worn)
Jewellery
 c - an amulet of the acrobat (around neck)
 n - a ring of poison resistance (left hand)
Wands
 d - a wand of charming (5)
Scrolls
 j - 2 scrolls of magic mapping
Potions
 e - 2 potions of magic
 m - a potion of heal wounds {unknown}


   Skills:
 + Level 7.3 Fighting
 + Level 3.2 Short Blades
 + Level 3.2 Long Blades
 + Level 5.6 Axes
 + Level 3.2 Maces & Flails
 + Level 3.2 Polearms
 + Level 3.2 Staves
 + Level 3.2 Slings
 + Level 3.2 Bows
 + Level 3.2 Crossbows
 + Level 3.2 Throwing
 + Level 5.6 Armour
 + Level 4.1 Dodging
 + Level 3.2 Stealth
 + Level 3.2 Shields
 + Level 3.2 Unarmed Combat
 + Level 3.2 Spellcasting
 + Level 2.6 Conjurations
 + Level 2.6 Hexes
 + Level 2.6 Summonings
 + Level 2.6 Necromancy
 + Level 2.6 Translocations
 + Level 2.6 Transmutations
 + Level 2.6 Fire Magic
 + Level 2.6 Ice Magic
 + Level 2.6 Air Magic
 + Level 2.6 Earth Magic
 + Level 2.6 Poison Magic
 + Level 5.8 Invocations
 + Level 3.2 Evocations


You had 13 spell levels left.
You didn't know any spells.
Your spell library contained the following spells:

 Spells                   Type           Power      Damage    Failure   Level
 Animate Skeleton         Necr           12%        N/A       83%         1
 Apportation              Tloc           12%        N/A       83%         1
 Summon Small Mammal      Summ           24%        N/A       83%         1
 Frozen Ramparts          Ice            12%        1d3       99%         3
 Ignite Poison            Fire/Tmut/Pois 6%         N/A       99%         3
 Mephitic Cloud           Conj/Pois/Air  6%         N/A       99%         3
 Summon Guardian Golem    Hex/Summ       6%         N/A       99%         3
 Ice Form                 Ice/Tmut       6%         N/A       100%        4
 Summon Ice Beast         Ice/Summ       6%         N/A       100%        4
 Freezing Cloud           Conj/Ice/Air   3%         6-21      100%        5
 Orb of Destruction       Conj           3%         9d1       100%        7
 Spellforged Servitor     Conj/Summ      3%         N/A       100%        7


Dungeon Overview and Level Annotations

Branches:
Dungeon (7/15)             Temple (0/1) D:4

Altars:

Shops:
D:1 !


Innate Abilities, Weirdness & Mutations

You have very sharp teeth.
Your uncanny sense of smell can sniff out nearby items.
Your experience applies equally to all skills.


Message History

The killer bee stings you but does no damage.
The killer bee barely misses you.
You hit the killer bee.
The killer bee is severely wounded.
The killer bee barely misses you.
The killer bee stings you but does no damage.
Press: ? - help, Shift-Dir - straight line, f - killer bee
Aim: a killer bee (severely wounded, chance to affect: 88%)
You fail to use your ability.
The killer bee closely misses you.
The killer bee stings you but does no damage.
You closely miss the killer bee.
The killer bee is severely wounded.
The killer bee stings you but does no damage. x2
You closely miss the killer bee.
You bite the killer bee, but do no damage.
The killer bee is severely wounded.
The killer bee closely misses you. The killer bee stings you.
* * * LOW HITPOINT WARNING * * *
You barely miss the killer bee.
The killer bee is severely wounded.
The killer bee stings you but does no damage.
The killer bee closely misses you.
You miss the killer bee.
The killer bee is severely wounded.
The killer bee stings you but does no damage.
The killer bee barely misses you.
You closely miss the killer bee.
The killer bee is severely wounded.
The killer bee stings you but does no damage. x2
You barely miss the killer bee.
The killer bee is severely wounded.
The killer bee barely misses you.
The killer bee stings you but does no damage.
You hit the killer bee.
The killer bee is severely wounded.
The killer bee stings you but does no damage.
The killer bee stings you.
* * * LOW HITPOINT WARNING * * *
The killer bee stings you!
You die...

.....##.########.....##
....###..## #......##
...## ##..### #.......#
...# ##.()# #.......#
...# ###.# #.......#
...# #.>.# ##.....##
...######.#######.....##
...##.........##..<....#
...##.........#.@y>....#
#####................>.#
#.........###.)...##
#.........# ##...##
#.........# #####
#.....)...# ###########


You could see a killer bee.

Vanquished Creatures
  3 ogres
  A kobold brigand (D:6)
  3 bullfrogs
  Blork the orc (D:4)
  A water moccasin zombie (D:6)
  A wyvern skeleton (D:5)
  2 killer bees
  A centaur zombie (D:6)
  An iron imp (Abyss:1)
  A hound (D:6)
  An orc priest (D:5)
  2 iguanas (D:6)
  An orc wizard (D:5)
  A hound zombie (D:5)
  5 adders
  An adder skeleton (D:2)
  A dart slug (D:3)
  7 orcs
  4 bats
  7 endoplasms
  3 giant cockroaches
  4 goblins
  11 hobgoblins
  6 jackals (D:3)
  12 kobolds
  5 quokkas
  9 ball pythons
  2 frilled lizards (D:2)
  A quokka skeleton (D:3)
  8 rats
106 creatures vanquished.

Notes
Turn   | Place    | Note
-------+----------+-------------------------------------------
     0 | Abyss:1  | Gargoyl the Gnoll Abyssal Knight began the quest for the
                  | Orb.
     0 | Abyss:1  | Reached XP level 1. HP: 23/23 MP: 3/3
    55 | Abyss:1  | Noticed an iron imp
    74 | Abyss:1  | Killed an iron imp
    75 | Abyss:1  | Reached XP level 2. HP: 4/29 MP: 5/5
    75 | Abyss:1  | Reached XP level 3. HP: 5/35 MP: 6/6
   158 | Abyss:1  | Noticed a thrashing horror
   160 | D:1      | Escaped the Abyss
   610 | D:1      | Found Upoets's Distillery.
   781 | D:1      | Reached skill level 1 in Short Blades
   781 | D:1      | Reached skill level 1 in Long Blades
   781 | D:1      | Reached skill level 1 in Maces & Flails
   781 | D:1      | Reached skill level 1 in Polearms
   781 | D:1      | Reached skill level 1 in Staves
   781 | D:1      | Reached skill level 1 in Slings
   781 | D:1      | Reached skill level 1 in Bows
   781 | D:1      | Reached skill level 1 in Crossbows
   781 | D:1      | Reached skill level 1 in Throwing
   781 | D:1      | Reached skill level 1 in Stealth
   781 | D:1      | Reached skill level 1 in Shields
   781 | D:1      | Reached skill level 1 in Unarmed Combat
   781 | D:1      | Reached skill level 1 in Spellcasting
   781 | D:1      | Reached skill level 1 in Evocations
  1356 | D:1      | Reached XP level 4. HP: 37/41 MP: 7/7
  1477 | D:2      | Reached ** piety under Lugonu
  2481 | D:3      | Reached skill level 1 in Conjurations
  2481 | D:3      | Reached skill level 1 in Hexes
  2481 | D:3      | Reached skill level 1 in Summonings
  2481 | D:3      | Reached skill level 1 in Necromancy
  2481 | D:3      | Reached skill level 1 in Translocations
  2481 | D:3      | Reached skill level 1 in Transmutations
  2481 | D:3      | Reached skill level 1 in Fire Magic
  2481 | D:3      | Reached skill level 1 in Ice Magic
  2481 | D:3      | Reached skill level 1 in Air Magic
  2481 | D:3      | Reached skill level 1 in Earth Magic
  2481 | D:3      | Reached skill level 1 in Poison Magic
  3069 | D:3      | Reached XP level 5. HP: 40/47 MP: 8/8
  3334 | D:4      | Noticed Blork the orc
  3348 | D:4      | Killed Blork the orc
  3636 | D:4      | Reached *** piety under Lugonu
  3698 | D:4      | Found a staircase to the Ecumenical Temple.
  3891 | D:4      | Noticed an ogre
  3906 | D:4      | Killed an ogre
  3907 | D:4      | Reached skill level 5 in Invocations
  3907 | D:4      | Reached XP level 6. HP: 42/53 MP: 9/9
  4207 | D:4      | Reached skill level 5 in Axes
  4207 | D:4      | Reached skill level 5 in Armour
  4652 | D:5      | Entered Level 5 of the Dungeon
  4680 | D:5      | Reached XP level 7. HP: 22/59 MP: 10/10
  4900 | D:5      | Reached skill level 7 in Fighting
  6201 | D:6      | Reached XP level 8. HP: 26/67 MP: 12/12
  7012 | D:5      | HP: 3/67 [killer bee (2)]
  7012 | D:5      | Slain by a killer bee

Illustrated notes

Levels and vault maps discovered:
D:1:      evilmike_arrival_crescent, layout_basic, serial_shops,
          nicolae_shop_window_shopping, minmay_misc_feat_rows
D:2:      layout_loops_ring
D:3:      layout_basic, minmay_randomly_rotated_circles
D:4:      layout_basic, minmay_temple_entry_mini_moons, uniq_blork_the_orc
D:5:      layout_rooms, dk_rats_in_the_wall
D:6:      layout_cave_pools, gammafunk_temple_overflow_claw
D:7:      layout_gridville

Skill      XL: |  1  2  3  4  5  6  7  8 |
---------------+-------------------------+-----
Short Blades   | 1 2 3 |  3.2
Long Blades    | 1 2 3 |  3.2
Maces & Flails | 1 2 3 |  3.2
Polearms       | 1 2 3 |  3.2
Staves         | 1 2 3 |  3.2
Slings         | 1 2 3 |  3.2
Bows           | 1 2 3 |  3.2
Crossbows      | 1 2 3 |  3.2
Throwing       | 1 2 3 |  3.2
Stealth        | 1 2 3 |  3.2
Shields        | 1 2 3 |  3.2
Unarmed Combat | 1 2 3 |  3.2
Spellcasting   | 1 2 3 |  3.2
Evocations     | 1 2 3 |  3.2
Conjurations   | 1 2 |  2.6
Hexes          | 1 2 |  2.6
Summonings     | 1 2 |  2.6
Necromancy     | 1 2 |  2.6
Translocations | 1 2 |  2.6
Transmutations | 1 2 |  2.6
Fire Magic     | 1 2 |  2.6
Ice Magic      | 1 2 |  2.6
Air Magic      | 1 2 |  2.6
Earth Magic    | 1 2 |  2.6
Poison Magic   | 1 2 |  2.6
Dodging        | 3 4 |  4.1
Invocations    | 5 |  5.8
Axes           | 5 |  5.6
Armour         | 5 |  5.6
Fighting       | 7 |  7.3

Action                   |  1- 3 |  4- 6 |  7- 9 || total
-------------------------+-------+-------+-------++-------
Melee: Hand axe          |    81 |    16 |   181 ||   278
       Bite              |     4 |    17 |    15 ||    36
       Dagger            |       |   192 |       ||   192
       Punch             |       |     4 |     1 ||     5
Throw: Dart              |       |     1 |       ||     1
Invok: Bend Space        |       |       |     1 ||     1
  Use: Potion            |     1 |       |     5 ||     6
       Scroll            |       |     7 |     4 ||    11
 Stab: Sleeping          |     1 |       |       ||     1
Armor: Leather armour    |    25 |     8 |       ||    33
       Chain mail        |       |    86 |   172 ||   258
Dodge: Dodged            |    75 |    87 |   129 ||   291

Table legend: (Time is in decaauts)
 A = Elapsed time spent in this place.
 B = Non-inter-level travel time spent in this place.
 C = Inter-level travel time spent in this place.
 D = Time resting spent in this place.
 E = Time spent auto-exploring this place.
 F = Levels seen in this place.
 G = Mean time per level.
                   A        B        C        D        E       F      G
               +--------+--------+--------+--------+--------+-----+--------+
         Total |   6990 |   6824 |    166 |    346 |   5275 |   8 |  873.8 |
       Dungeon |   6849 |   6683 |    166 |    346 |   5152 |   7 |  978.4 |
         Abyss |    140 |    140 |      0 |      0 |    123 |   1 |  140.0 |
               +--------+--------+--------+--------+--------+-----+--------+

Top non-repeatable levels by time:
     D:4: 1323 daAuts
     D:1: 1307 daAuts
     D:3: 1222 daAuts
     D:5: 1149 daAuts
     D:6: 979 daAuts
     D:2: 629 daAuts
     D:7: 238 daAuts
 Abyss:1: 140 daAuts
